 Dungeon Crawl Stone Soup version 0.31-a0-360-gb3e1d13bf4 (webtiles) character file.

Game seed: 14180053143047245964

7745 Dordric the Brawler (level 11, -3/89 HPs)
             Began as a Troll Shapeshifter on July 26, 2023.
             Was a Believer of Trog.
             Slain by a komodo dragon (8 damage)
             ... on level 10 of the Dungeon.
             The game lasted 00:10:19 (7812 turns).

Dordric the Brawler (Troll Shapeshifter)            Turns: 7812, Time: 00:10:20

Health: -3/89      AC:  6    Str: 25    XL:     11   Next: 0%
Magic:  10/10      EV:  9    Int:  4    God:    Trog [**....]
Gold:   806        SH:  0    Dex: 14    Spells: 10/10 levels left

rFire   . .          .
                       - Unarmed
rCold   . . .        (no shield)
rNeg    + . .        e - +0 troll leather armour
rPois   .            (helmet currently unavailable)
rElec   .            (cloak currently unavailable)
rCorr   .            (gloves unavailable)
SInv    .            (boots unavailable)
Will    +....        (no amulet)
Stlth   +            d - ring of willpower
HPRegen 1.94/turn    t - ring of positive energy
MPRegen 0.12/turn

%: no passive effects
@: about to teleport, beast-form, on berserk cooldown, slowed, very slow
A: beast (slay +5), large, unfitting armour, claws 3, regeneration 1, shaggy fur
1, tough skin 1
a: Begin Untransformation, Renounce Religion, Berserk, Trog's Hand


You were on level 10 of the Dungeon.
You worshipped Trog.
Trog was pleased with you.
You were a hulking beast.
You visited 2 branches of the dungeon, and saw 11 of its levels.

You collected 806 gold pieces.

Inventory:

Missiles
 n - a throwing net
 F - 2 silver boomerangs
Armour
 a - a +0 animal skin
 e - a +0 troll leather armour (worn)
 x - +0 steam dragon scales
Jewellery
 d - a ring of willpower (left claw)
 t - a ring of positive energy (right claw)
 v - a ring of poison resistance
 E - a +5 ring of evasion
 I - a +6 ring of strength
 P - an amulet of regeneration
Talismans
 c - a beast talisman
 k - a blade talisman
Wands
 A - a wand of polymorph (7)
 D - a wand of flame (40)
 M - a wand of light (5)
Scrolls
 g - a scroll of fear
 h - 3 scrolls of poison
 l - a scroll of vulnerability {unknown}
 o - 3 scrolls of immolation {unknown}
 p - 4 scrolls of teleportation
 q - 2 scrolls of noise
 r - a scroll of revelation {unknown}
 s - a scroll of acquirement {unknown}
 u - a scroll of summoning {unknown}
 w - 2 scrolls of amnesia {unknown}
 y - 2 scrolls of enchant armour {unknown}
 B - a scroll of brand weapon {unknown}
 G - a scroll of enchant weapon {unknown}
 H - 4 scrolls of identify
 J - a scroll of fog {unknown}
 L - a scroll of blinking
Potions
 b - 2 potions of lignification
 f - 7 potions of curing
 i - 4 potions of might {unknown}
 j - a potion of enlightenment {unknown}
 m - a potion of cancellation {unknown}
 z - a potion of heal wounds {unknown}
 C - a potion of degeneration {unknown}
 K - 2 potions of haste {unknown}
 N - a potion of mutation {unknown}
 O - a potion of magic {unknown}


   Skills:
 - Level 0.7 Fighting
 - Level 1.5 Dodging
 - Level 15.1 Unarmed Combat
 + Level 7.3 Shapeshifting


You had 10 spell levels left.
You didn't know any spells.
Your spell library contained the following spells:

 Spells                   Type           Power      Damage    Failure   Level
 Lesser Beckoning         Tloc           0%         N/A       69%         2
 Gell's Gravitas          Tloc           0%         N/A       89%         3
 Teleport Other           Tloc           0%         N/A       89%         3
 Vhi's Electric Charge    Tloc/Air       0%         N/A       89%         3
 Arcjolt                  Conj/Air       0%         1d10      100%        5
 Plasma Beam              Fire/Air       0%         2x1d10    100%        6


Dungeon Overview and Level Annotations

Branches:
Dungeon (10/15)            Temple (1/1) D:7             Orc (0/2) D:10
   Lair: D:8-11

Altars:
Ashenzari
Cheibriados
Dithmenos
Elyvilon
Fedhas
Gozag
Hepliaklqana
Kikubaaqudgha
Makhleb
Nemelex Xobeh
Okawaru
Qazlal
Ru
Sif Muna
Trog
Uskayaw
Vehumet
Wu Jian
Xom
Yredelemnul
Zin
The Shining One

Annotations:
D:5 2 transporters, Sabo's ghost, novice FoMo


Innate Abilities, Weirdness & Mutations

You are a hulking beast.
Your limbs bulge with bestial killing power. (Slay +5)
You are too large for most types of armour.
You have claws for hands.
Your natural rate of healing is unusually fast.
You are covered in fur. (AC +1)
You have tough skin. (AC +1)


Message History

You are exhausted.
You feel yourself slow down. The steam dragon bites you!
The steam dragon barely misses you.
You closely miss the steam dragon. The steam dragon breathes steam at you.
The ball of steam hits you!!
You hear an angry hiss.
You scratch the steam dragon.
The steam dragon is lightly wounded.
You are engulfed in a cloud of scalding steam.
The steam dragon barely misses you.
The steam dragon claws you but does no damage.
You closely miss the steam dragon.
The steam dragon is lightly wounded.
You are engulfed in a cloud of scalding steam.
The steam dragon breathes steam at you. The ball of steam hits you.
You scratch the steam dragon but do no damage.
Your claw misses the steam dragon.
The steam dragon is lightly wounded.
You are engulfed in a cloud of scalding steam.
The komodo dragon closely misses you. The steam dragon bites you.
The steam dragon completely misses you.
You mangle the steam dragon!!
The steam dragon is severely wounded.
You are engulfed in a cloud of scalding steam.
The komodo dragon bites you!
A wyvern comes into view.
The steam dragon bites you.
The steam dragon claws you but does no damage.
As you read the scroll of teleportation, it crumbles to dust.
You feel strangely unstable.
You are engulfed in a cloud of scalding steam.
* * * LOW HITPOINT WARNING * * *
The komodo dragon bites you!
* * * LOW HITPOINT WARNING * * *
The steam dragon barely misses you.
The steam dragon claws you but does no damage.
The komodo dragon bites you!
You die...

#.....>.##).......#.....
##.....###.)......######
##...## #........# #####
#........# ##########
###..###########
####.#†##..........
#............###...
#Dh§.§......## ####
.l....l..†..##.### #
...#.....##.####
....#.....##..
##..###.## ### ##. ### #


You could see a komodo dragon, a steam dragon and a wyvern.

Vanquished Creatures
  Erolcha (D:10)
  Erica (D:8)
  Maggie (D:8)
  A komodo dragon (D:10)
  A troll (D:9)
  2 hornets
  2 shadows
  Eustachio (D:5)
  8 yaks (D:10)
  Grum (D:8)
  A wyvern (D:9)
  A basilisk (D:10)
  A warg (D:10)
  A sky beast (D:8)
  6 orc warriors
  2 wolves (D:8)
  An ogre (D:6)
  2 phantoms
  2 centaurs
  A kobold brigand (D:10)
  3 bullfrogs (D:7)
  A scorpion (D:5)
  2 gnoll sergeants
  13 killer bees
  2 howler monkeys
  4 hounds
  A jelly (D:6)
  5 orc priests
  5 sleepcaps
  4 iguanas
  6 orc wizards
  Robin (D:3)
  12 gnolls
  6 adders
  A shadow imp (D:7)
  2 worms
  4 dart slugs
  38 orcs
  4 bats
  4 endoplasms
  3 giant cockroaches
  13 goblins
  6 hobgoblins
  4 jackals (D:1)
  A quokka (D:1)
  5 ball pythons
  2 frilled lizards
  11 kobolds
  3 rats
203 creatures vanquished.

Notes
Turn   | Place    | Note
-------+----------+-------------------------------------------
     0 | D:1      | Dordric the Troll Shapeshifter began the quest for the Orb.
     0 | D:1      | Reached XP level 1. HP: 18/18 MP: 0/0
    64 | D:1      | Reached XP level 2. HP: 26/26 MP: 1/1
   147 | D:1      | Found a faded altar of an unknown god.
   170 | D:1      | Reached skill level 4 in Unarmed Combat
   614 | D:2      | Reached XP level 3. HP: 32/32 MP: 2/2
  1325 | D:2      | Reached XP level 4. HP: 40/40 MP: 3/3
  1447 | D:3      | Reached skill level 5 in Unarmed Combat
  1522 | D:3      | Noticed Robin
  1548 | D:3      | Killed Robin
  1877 | D:3      | Reached skill level 6 in Unarmed Combat
  1877 | D:3      | Reached XP level 5. HP: 32/46 MP: 4/4
  3056 | D:5      | Entered Level 5 of the Dungeon
  3094 | D:5      | Reached XP level 6. HP: 54/54 MP: 5/5
  3112 | D:5      | Found a transporter.
  3113 | D:5      | Noticed a small abomination
  3114 | D:5      | Found the +8 demon trident "Rift" {distort, reach+}
  3119 | D:5      | Found a transporter.
  3128 | D:5      | Noticed Sabo's ghost (novice FoMo)
  3167 | D:5      | Noticed Eustachio
  3170 | D:5      | Found a radiant altar of Vehumet.
  3316 | D:5      | Reached skill level 7 in Unarmed Combat
  3344 | D:5      | Killed Eustachio
  3345 | D:5      | Reached skill level 8 in Unarmed Combat
  3345 | D:5      | Reached XP level 7. HP: 40/61 MP: 6/6
  3502 | D:5      | Noticed a toenail golem
  3582 | D:5      | You fall into a shaft and drop 3 floors!
  3633 | D:8      | Noticed Maggie
  3651 | D:8      | Killed Maggie
  3652 | D:8      | Reached skill level 9 in Unarmed Combat
  3659 | D:8      | Noticed a hornet
  3663 | D:8      | Paralysed by a hornet for 2 turns
  3666 | D:8      | Killed a hornet
  3667 | D:8      | Reached skill level 10 in Unarmed Combat
  3667 | D:8      | Reached XP level 8. HP: 48/68 MP: 7/7
  3962 | D:7      | Reached skill level 11 in Unarmed Combat
  4015 | D:7      | Found a staircase to the Ecumenical Temple.
  4153 | Temple   | Entered the Ecumenical Temple
  4162 | Temple   | Became a worshipper of Trog the Wrathful
  4417 | D:6      | Found a snail-covered altar of Cheibriados.
  4702 | D:5      | Reached skill level 12 in Unarmed Combat
  4724 | D:5      | Reached XP level 9. HP: 69/75 MP: 8/8
  5212 | D:6      | Reached * piety under Trog
  5966 | D:8      | Noticed Grum
  5970 | D:8      | Reached skill level 13 in Unarmed Combat
  5977 | D:8      | Killed Grum
  6199 | D:8      | Noticed Erica
  6207 | D:8      | Killed Erica
  6208 | D:8      | Reached skill level 14 in Unarmed Combat
  6242 | D:8      | Found a hide-covered altar of Uskayaw.
  6516 | D:9      | Reached XP level 10. HP: 43/83 MP: 9/9
  6686 | D:9      | Paralysed by a hornet for 2 turns
  6755 | D:9      | Reached skill level 15 in Unarmed Combat
  6779 | D:9      | Reached ** piety under Trog
  6999 | D:9      | Identified the +2 flail of Insufficient Pleasure
                  | {antimagic, rC+ Str+3 SInv}
  7029 | D:10     | Entered Level 10 of the Dungeon
  7029 | D:10     | Noticed Erolcha
  7166 | D:10     | Found a shimmering altar of Xom.
  7245 | D:10     | Found a staircase to the Orcish Mines.
  7334 | D:10     | Reached skill level 5 in Shapeshifting
  7418 | D:10     | Killed Erolcha
  7804 | D:10     | Reached XP level 11. HP: 89/89 MP: 10/10
  7812 | D:10     | Slain by a komodo dragon

Illustrated notes

Levels and vault maps discovered:
D:1:      psy_arrival_spokes, layout_basic,
          hellmonk_ecumenical_altar_dog_temple, nicolae_kite_square_tiling_tiny
D:2:      minmay_spotlight, layout_basic
D:3:      layout_basic, chequers_serial_rivers_large_a,
          minmay_misc_feat_encased, uniq_robin
D:4:      layout_basic
D:5:      layout_basic, mainiacjoe_overflow_cross_hatched,
          gammafunk_ghost_abyssal_escape, uniq_eustachio
D:6:      layout_loops_ring, mainiacjoe_overflow_small_starburst,
          roderic_lattice_a
D:7:      layout_basic, minmay_temple_entry_junction_2, corexii_hall_statues_l
D:8:      layout_gridville, nicolae_overflow_crystal_walls, minmay_microvault,
          uniq_erica, uniq_grum, uniq_maggie
D:9:      layout_roguey
D:10:     layout_rooms, mainiacjoe_overflow_boulevard, erik_lair_dragon,
          david_orc_1_choice, uniq_erolcha
Temple:   nicolae_temple_no_exploring_needed

Skill      XL: |  1  2  3  4  5  6  7  8  9 10 |
---------------+-------------------------------+-----
Unarmed Combat | 4 6 8 10 12 14 15 | 15.1
Shapeshifting  | 7 |  7.3
Fighting       | |  0.7
Dodging        | |  1.5

Action                     |  1- 3 |  4- 6 |  7- 9 | 10-12 || total
---------------------------+-------+-------+-------+-------++-------
  Melee: Unarmed           |    77 |   111 |   203 |   133 ||   524
         Punch             |     1 |     5 |     8 |    10 ||    24
 Invoke: Berserk           |       |       |     2 |     4 ||     6
    Use: Scroll            |       |     5 |       |     1 ||     6
 Armour: Animal skin       |    21 |       |       |       ||    21
         Troll leather arm |     7 |    54 |    50 |    35 ||   146
  Dodge: Dodged            |    33 |    52 |    81 |    46 ||   212
   Form: Blade             |     3 |       |       |       ||     3
         Beast             |     3 |       |       |       ||     3

Table legend: (Time is in decaauts)
 A = Elapsed time spent in this place.
 B = Non-inter-level travel time spent in this place.
 C = Inter-level travel time spent in this place.
 D = Time resting spent in this place.
 E = Time spent auto-exploring this place.
 F = Levels seen in this place.
 G = Mean time per level.
                   A        B        C        D        E       F      G
               +--------+--------+--------+--------+--------+-----+--------+
         Total |   7755 |   7381 |    374 |    277 |   5863 |  11 |  705.0 |
       Dungeon |   7738 |   7365 |    373 |    277 |   5863 |  10 |  773.8 |
        Temple |     16 |     16 |      0 |      0 |      0 |   1 |   16.0 |
               +--------+--------+--------+--------+--------+-----+--------+

Top non-repeatable levels by time:
     D:7: 1043 daAuts
     D:4: 967 daAuts
     D:5: 815 daAuts
     D:6: 795 daAuts
     D:2: 791 daAuts
     D:3: 709 daAuts
     D:9: 704 daAuts
    D:10: 680 daAuts
     D:8: 655 daAuts
     D:1: 575 daAuts
  Temple: 16 daAuts
